 Dungeon Crawl Stone Soup version 0.23.2-30-g0e89c35649 (webtiles) character file.

Game seed: 14110475028179535428

51 Gildeon the Digger (level 3, -4/21 HPs)
             Began as a Gargoyle Earth Elementalist on June 19, 2019.
             Slain by Terence
             ... wielding a +2 flail of protection
              (6 damage)
             ... on level 3 of the Dungeon.
             The game lasted 00:09:24 (2259 turns).

Gildeon the Digger (Gargoyle Earth Elementalist)    Turns: 2259, Time: 00:09:25

Health: -4/21      AC:  6    Str: 11    XL:     3   Next: 83%
Magic:  1/7        EV: 17    Int: 16    God:
Gold:   113        SH:  0    Dex: 15    Spells: 1/7 levels left

rFire    . . .     SeeInvis .   k - +0 flail
rCold    . . .     Gourm    .   (no shield)
rNeg     + . .     Faith    .   c - +0 robe
rPois    ∞         Spirit   .   a - +0 helmet
rElec    +         Reflect  .   (no cloak)
rCorr    .         Harm     .   (no gloves)
MR       .....                  (no boots)
Stlth    +++.......             (no amulet)
HPRegen  0.07/turn              (no ring)
MPRegen  0.10/turn              (no ring)

@: agile
A: negative energy resistance 1, electricity resistance, unbreathing,
petrification resistance, rot immunity, AC +3
a: no special abilities


You were on level 3 of the Dungeon.
You were hungry.

You visited 1 branch of the dungeon, and saw 3 of its levels.

You collected 113 gold pieces.

Inventory:

Hand Weapons
 k - a +0 flail (weapon)
Missiles
 b - 14 stones (quivered)
Armour
 a - a +0 helmet (worn)
 c - a +0 robe (worn)
Scrolls
 f - a scroll of identify
 g - 3 scrolls of remove curse
 h - a scroll of fear
Potions
 i - 2 potions of agility
 j - a potion of curing
Comestibles
 d - 4 rations


   Skills:
 + Level 1.9 Fighting
 - Level 1.5 Dodging
 - Level 2.1 Stealth
 + Level 2.6 Spellcasting
 - Level 0.7 Transmutations
 + Level 4.4 Earth Magic


You had one spell level left.
You knew the following spells:

 Your Spells              Type           Power        Failure   Level  Hunger
a - Sandblast             Erth           ###...       3%          1    #......
b - Passwall              Tmut/Erth      ##......     11%         2    ##.....
c - Stone Arrow           Conj/Erth      #.....       24%         3    ###....

Your spell library contained the following spells:

 Spells                   Type           Power        Failure   Level  Hunger
 Petrify                  Tmut/Erth      ##......     56%         4    #####..
 Lee's Rapid Deconstruct  Erth           ###.......   65%         5    ######.


Dungeon Overview and Level Annotations

Branches:
Dungeon (3/15)

Altars:

Annotations:
D:3 Terence


Innate Abilities, Weirdness & Mutations

You are resistant to torment.
Your stone body is resilient. (AC +3)
You are immune to poison.
You resist negative energy. (rN+)
You are resistant to electric shocks. (rElec)
You can survive without breathing.
You are immune to petrification.
You are immune to rotting.


Message History

Terence is heavily wounded.
Terence misses you.
Casting: Sandblast (safe; 3% risk of failure)
Confirm with . or Enter, or press ? or * to list all spells.
Aiming: Sandblast (safe; 3% risk of failure)
Press: ? - help, Shift-Dir - straight line, f/p - Terence
Aim: Terence, wielding a +2 flail of protection and wearing a +0 scale mail (heavily wounded)
The blast of sand hits Terence but does no damage.
Terence is heavily wounded.
b - 15 stones Terence completely misses you.
Casting: Sandblast (safe; 3% risk of failure)
Confirm with . or Enter, or press ? or * to list all spells.
Aiming: Sandblast (safe; 3% risk of failure)
Press: ? - help, Shift-Dir - straight line, f/p - Terence
Aim: Terence, wielding a +2 flail of protection and wearing a +0 scale mail (heavily wounded)
The blast of sand misses Terence.
b - 14 stones Terence hits you with a +2 flail of protection.
You die...

......#.....#.#
#####
......#.....#.#
#....
..............#
#.### ............#
#.# .[..........#
#.# ......#.....#
#.# #.#
............# #.#
#.# ......##.##@#
#.# #.# ...$..
#..#@########.# #.#
.....
#.............# #.#
<...
#.............# #.#
<..
#.............###.#
#............)[)..#
#...>........######
#............#
#####...#######
###.......##


You could see Terence.

Vanquished Creatures
  An adder (D:3)
  A leopard gecko (D:1)
  6 orcs (D:3)
  A giant cockroach (D:3)
  A hobgoblin (D:1)
  4 jackals (D:1)
  7 kobolds
  2 bats (D:1)
  4 frilled lizards
  4 goblins
  5 rats
36 creatures vanquished.

Notes
Turn   | Place    | Note
-------+----------+-------------------------------------------
     0 | D:1      | Gildeon the Gargoyle Earth Elementalist began the quest for
                  | the Orb.
     0 | D:1      | Reached XP level 1. HP: 10/10 MP: 3/3
   271 | D:1      | Reached XP level 2. HP: 16/16 MP: 0/5
   313 | D:1      | Learned a level 2 spell: Passwall
   324 | D:1      | Reached skill level 1 in Fighting
   443 | D:1      | Reached skill level 4 in Earth Magic
  1237 | D:2      | Reached XP level 3. HP: 17/20 MP: 6/6
  1246 | D:2      | Learned a level 3 spell: Stone Arrow
  2228 | D:3      | Noticed Terence
  2255 | D:3      | HP: 1/21 [Terence/+2 flail of protection (1)]
  2259 | D:3      | Slain by Terence

Skill      XL: |  1  2 |
---------------+-------+-----
Fighting       | 1 |  1.9
Earth Magic    | 4 |  4.4
Dodging        | |  1.5
Stealth        | |  2.1
Spellcasting   | |  2.6
Transmutations | |  0.7

Action                   || total
-------------------------++-------
Melee: Unarmed           ||     8
       Club              ||    58
       Dagger            ||    11
       Flail             ||    15
 Cast: Sandblast         ||    44
  Use: Scroll            ||     5
       Potion            ||     1
 Stab: Sleeping          ||     1
  Eat: Chunk             ||     4
Armor: Robe              ||    43
Dodge: Dodged            ||    75
